 Dungeon Crawl Stone Soup version 0.30.2 (webtiles) character file.

Game seed: 18301403227901302100

4193 porpoise the Basher (level 10, -1/63 HPs)
             Began as a Gargoyle Gladiator on Mar 23, 2024.
             Was a Believer of Makhleb.
             Slain by a wyvern (2 damage)
             ... on level 9 of the Dungeon.
             The game lasted 00:30:12 (8859 turns).

porpoise the Basher (Gargoyle Gladiator)            Turns: 8859, Time: 00:30:12

Health: -1/63      AC: 13    Str: 20    XL:     10   Next: 29%
Magic:  11/11      EV: 10    Int:  9    God:    Makhleb [**....]
Gold:   490        SH:  0    Dex: 13    Spells: 9/9 levels left

rFire   . . .        a - +0 morningstar
rCold   . . .        (no shield)
rNeg    + + .        F - +3 scale mail {rN+}
rPois   ∞            c - +0 helmet
rElec   +            (no cloak)
rCorr   +            (no gloves)
SInv    .            (no boots)
Will    .....        (no amulet)
Stlth   ++           v - ring of resist corrosion
HPRegen 0.30/turn    (no ring)
MPRegen 0.12/turn

%: no passive effects
@: corroded
A: sickness immunity, AC +7, negative energy resistance 1, electricity
resistance, torment resistance 1, petrification resistance
a: Renounce Religion, Minor Destruction


You were on level 9 of the Dungeon.
You worshipped Makhleb.
Makhleb was pleased with you.
You visited 2 branches of the dungeon, and saw 10 of its levels.

You collected 490 gold pieces.

Inventory:

Hand Weapons
 a - a +0 morningstar (weapon)
 b - a +0 sling
 w - a +5 dire flail
 K - the +4 dagger "Vocyv" {protect, Will+}
   (You found it on level 8 of the Dungeon)

   Will:      It increases your willpower.
Missiles
 d - 4 throwing nets (quivered)
 g - 8 boomerangs
 l - 5 curare-tipped darts
 t - 21 poisoned darts
 x - a javelin
 A - 6 silver boomerangs
Armour
 c - a +0 helmet (worn)
 F - a +3 scale mail of positive energy (worn)
 I - +0 steam dragon scales
 L - a +2 ring mail of poison resistance
Jewellery
 v - a ring of resist corrosion (left hand)
 E - a ring of flight
 H - a ring of wizardry
Wands
 z - a wand of polymorph (2)
Scrolls
 f - a scroll of immolation
 o - a scroll of amnesia {unknown}
 p - a scroll of fog
 q - a scroll of torment {unknown}
 r - a scroll of fear {unknown}
 s - 2 scrolls of noise
 y - 4 scrolls of teleportation
 B - a scroll of enchant weapon {unknown}
 C - a scroll of identify
 D - a scroll of enchant armour
 J - a scroll of blinking
Potions
 e - a potion of ambrosia
 h - 3 potions of curing
 i - 5 potions of flight
 j - 3 potions of lignification
 k - a potion of haste {unknown}
 m - a potion of mutation {unknown}
 n - 3 potions of degeneration {unknown}
 u - 3 potions of invisibility
 G - 3 potions of brilliance


   Skills:
 - Level 7.0 Fighting
 * Level 12.0 Maces & Flails
 - Level 1.7 Throwing
 + Level 1.4 Armour
 - Level 2.4 Dodging
 - Level 7.0 Stealth
 * Level 2.1 Invocations


You had 9 spell levels left.
You didn't know any spells.
Your spell library contained the following spells:

 Spells                   Type           Power      Damage    Failure   Level
 Foxfire                  Conj/Fire      0%         2x1d4     75%         1
 Blink                    Tloc           0%         N/A       87%         2
 Lesser Beckoning         Tloc           0%         N/A       87%         2
 Momentum Strike          Conj/Tloc      0%         3d8       87%         2
 Fireball                 Conj/Fire      0%         3d3       100%        5
 Plasma Beam              Fire/Air       0%         2x1d11    100%        6
 Starburst                Conj/Fire      0%         6d3       100%        6


Dungeon Overview and Level Annotations

Branches:
Dungeon (9/15)             Temple (1/1) D:5
   Lair: D:8-11         Orc: D:9-12

Altars:
Ashenzari
Dithmenos
Elyvilon
Fedhas
Gozag
Hepliaklqana
Kikubaaqudgha
Makhleb
Okawaru
Qazlal
Ru
Sif Muna
Trog
Vehumet
Wu Jian
Xom
Yredelemnul
The Shining One

Shops:
D:2 (

Annotations:
D:5 2 transporters, rundlesten's ghost, amateur OpHW


Innate Abilities, Weirdness & Mutations

You are immune to sickness and miasma.
Your stone body is resilient. (AC +7)
You are immune to poison.
You resist negative energy. (rN+)
You are resistant to electric shocks. (rElec)
You are resistant to unholy torment.
You are immune to petrification.


Message History

The acid dragon claws you but does no damage.
The wyvern bites you.
You puncture the acid dragon!
The acid dragon is severely wounded.
The acid dragon spits acid at you. The splash of acid hits you. You resist.
The acid corrodes you!
The wyvern bites you but does no damage.
You hit the acid dragon but do no damage.
The acid dragon is severely wounded.
The wyvern bites you but does no damage.
The acid dragon barely misses you. x2; The wraith hits you!
Aiming: Minor Destruction (10% risk of failure)
Press: ? - help, Shift-Dir - straight line, f - acid dragon
Aim: an acid dragon (severely wounded, catching its breath)
The acid dragon writhes in agony.
The wyvern bites you!
* * * LOW HITPOINT WARNING * * *
The wraith barely misses you. The acid dragon completely misses you.
The acid dragon claws you.
* * * LOW HITPOINT WARNING * * *
The wyvern bites you but does no damage.
Aiming: Minor Destruction (10% risk of failure)
Press: ? - help, Shift-Dir - straight line, f/p - acid dragon
Aim: an acid dragon (almost dead, catching its breath)
The puff of flame hits the acid dragon.
The acid dragon is almost dead.
The wyvern barely misses you. The wraith hits you.
* * * LOW HITPOINT WARNING * * *
The acid dragon bites you but does no damage.
The acid dragon claws you but does no damage.
Aiming: Minor Destruction (10% risk of failure)
Press: ? - help, Shift-Dir - straight line, f/p - acid dragon
Aim: an acid dragon (almost dead)
The glob of acid hits the acid dragon!
You kill the acid dragon!
Makhleb accepts your kill.
The wyvern bites you but does no damage.
The wraith hits you!
* * * LOW HITPOINT WARNING * * *
The wyvern bites you.
You die...

.≈.≈.≈≈≈.......
..≈.≈...≈.......
≈≈≈.≈≈§.≈.......
..........).....
............!...
........>.......
.....>(.........
........W.......
.......@l.......
................
..............).
################


You could see a wraith and a wyvern.

Vanquished Creatures
  A steam dragon (D:8)
  A warg (D:6)
  A water moccasin (D:6)
  Duvessa (D:4)
  An acid dragon (D:9)
  A swamp drake (D:6)
  A black bear (D:5)
  An ice beast (D:7)
  2 orc warriors
  4 centaurs
  An ogre (D:4)
  2 phantoms (D:7)
  2 kobold brigands
  2 necrophages (D:5)
  A water moccasin zombie (D:5)
  5 scorpions
  Dowan (D:4)
  6 wights
  6 killer bees (D:7)
  4 howler monkeys
  3 bullfrog zombies (D:5)
  A jelly (D:5)
  7 hounds
  A human zombie (D:5)
  A gnoll bouda (D:6)
  2 orc priests
  3 sleepcaps
  Jessica (D:3)
  7 orc wizards
  Natasha (twice) (D:4)
  3 iguanas
  3 mummies (D:5)
  16 gnolls
  9 adders
  A shadow imp (D:7)
  4 white imps
  An ufetubus (D:4)
  3 worms (D:2)
  6 dart slugs
  13 orcs
  11 ball pythons
  6 bats
  11 endoplasms
  3 giant cockroaches
  8 goblins
  10 hobgoblins
  2 jackals (D:1)
  8 kobolds
  3 quokkas
  2 frilled lizards
  13 rats
  A spectral goblin (D:6)
209 creatures vanquished.

Vanquished Creatures (others)
  A kobold (D:4)
1 creature vanquished.

Grand Total: 210 creatures vanquished

Notes
Turn   | Place    | Note
-------+----------+-------------------------------------------
     0 | D:1      | porpoise the Gargoyle Gladiator began the quest for the
                  | Orb.
     0 | D:1      | Reached XP level 1. HP: 12/12 MP: 1/1
    69 | D:1      | Reached XP level 2. HP: 18/18 MP: 2/2
   298 | D:1      | Reached skill level 1 in Stealth
   704 | D:1      | Reached XP level 3. HP: 17/22 MP: 3/3
  1162 | D:2      | Found Guuledgh's Weapon Emporium.
  1275 | D:2      | Reached skill level 4 in Maces & Flails
  1362 | D:2      | Reached XP level 4. HP: 27/27 MP: 4/4
  1708 | D:2      | Found a shadowy altar of Dithmenos.
  2054 | D:2      | Reached XP level 5. HP: 29/32 MP: 5/5
  2263 | D:3      | Found an opulent altar of Gozag.
  2572 | D:3      | Noticed Jessica
  2577 | D:3      | Killed Jessica
  2578 | D:3      | Reached skill level 5 in Maces & Flails
  2689 | D:3      | Reached XP level 6. HP: 38/38 MP: 6/6
  2748 | D:4      | Identified the +3 hand axe "Xiraas" {antimagic, Str+5
                  | Int+2}
  2834 | D:4      | Found a white marble altar of Elyvilon.
  3031 | D:4      | Found a shimmering altar of Xom.
  3316 | D:4      | Reached XP level 7. HP: 37/44 MP: 7/7
  3388 | D:4      | Reached skill level 6 in Maces & Flails
  3415 | D:4      | Noticed Dowan
  3416 | D:4      | Noticed Duvessa
  3433 | D:4      | Killed Duvessa
  3440 | D:4      | Killed Dowan
  3761 | D:4      | You fall into a shaft and drop 2 floors!
  3822 | D:6      | Reached skill level 5 in Fighting
  3889 | D:5      | Entered Level 5 of the Dungeon
  4010 | D:5      | Found an iron altar of Okawaru.
  4049 | D:5      | Noticed rundlesten's ghost (amateur OpHW)
  4066 | D:5      | Reached XP level 8. HP: 48/49 MP: 8/8
  4151 | D:4      | Reached skill level 7 in Maces & Flails
  4151 | D:4      | Reached skill level 5 in Stealth
  4213 | D:4      | Found a sacrificial altar of Ru.
  4322 | D:4      | Noticed Natasha
  4330 | D:4      | Killed Natasha
  4485 | D:4      | Noticed Natasha
  4493 | D:4      | Killed Natasha
  4581 | D:5      | Found a transporter.
  4769 | D:5      | Found a broken altar of Ashenzari.
  4811 | D:5      | Found a staircase to the Ecumenical Temple.
  4824 | Temple   | Entered the Ecumenical Temple
  4872 | Temple   | Became a worshipper of Makhleb the Destroyer
  4904 | D:5      | Found a transporter.
  5160 | D:5      | Reached skill level 8 in Maces & Flails
  5161 | D:5      | Found an ancient bone altar of Kikubaaqudgha.
  5359 | D:5      | Reached XP level 9. HP: 50/56 MP: 9/9
  5920 | D:6      | Found a hazy altar of Hepliaklqana.
  5948 | D:6      | Noticed Edmund
  5955 | D:6      | Edmund changed into Edmund the swamp drake
  5955 | D:6      | Noticed Edmund
  5966 | D:6      | Killed Edmund the swamp drake
  6174 | D:6      | Reached skill level 9 in Maces & Flails
  6442 | D:6      | Noticed Maggie
  6444 | D:6      | Maggie changed into Maggie the warg
  6444 | D:6      | Noticed Maggie
  6464 | D:6      | Killed Maggie the warg
  6773 | D:6      | Reached * piety under Makhleb
  6777 | D:6      | Reached skill level 10 in Maces & Flails
  6874 | D:6      | Found an ornate altar of the Wu Jian Council.
  7272 | D:7      | Reached skill level 11 in Maces & Flails
  7321 | D:7      | Reached XP level 10. HP: 63/63 MP: 10/10
  7773 | D:7      | Reached ** piety under Makhleb
  7907 | D:7      | Found a glowing golden altar of the Shining One.
  7924 | D:7      | Found a bloodstained altar of Trog.
  8289 | D:8      | Identified the +4 dagger "Vocyv" {protect, Will+}
  8304 | D:8      | Reached skill level 1 in Invocations
  8359 | D:8      | Reached skill level 1 in Armour
  8380 | D:8      | Reached skill level 12 in Maces & Flails
  8859 | D:9      | HP: 1/63 [wraith (7)]
  8859 | D:9      | Slain by a wyvern

Illustrated notes

Levels and vault maps discovered:
D:1:      lightli_arrival_noodles, layout_basic, minmay_box_of_dots
D:2:      layout_basic, basic_altar, serial_shops, nicolae_shop_tiny_waterfront
D:3:      layout_rooms, mainiacjoe_overflow_brackets, minmay_misc_feat_tiny,
          minmay_shallow_snake_nest, uniq_jessica
D:4:      cheibrodos_pilgrimage, layout_rooms, nicolae_ru_awakened_eye,
          mainiacjoe_overflow_surrounded_room, xom_confusion_cloud,
          skrybe_limestone_x, st_stairs_2, minmay_puff, uniq_natasha,
          uniq_duvessa
D:5:      layout_layer_cave, okawaru_gym_becter,
          lemuel_mausoleum_altar_kikubaaqudgha, nicolae_ashenzari_skybound,
          minmay_temple_entry_gardened_gates, gammafunk_ghost_arena,
          cheibrodos_gnoll_hut
D:6:      layout_basic, nicolae_hepliaklqana_monster_ancestors,
          nicolae_wu_jian_immortal_techniques, uniq_edmund, uniq_maggie
D:7:      layout_cave_pools, lemuel_round_altar, nemelex_spade_bored_becter,
          general_overflow_altar, minmay_crossroads
D:8:      kennysheep_blocky_hall, layout_cave_pools, serial_glass,
          glass_columns_a, glass_columns_a
D:9:      layout_small_grid, mainiacjoe_overflow_24_doors,
          amcnicky_altar_gilded, mainiacjoe_overflow_large_starburst
Temple:   nicolae_temple_ecumenical_triangle

Skill      XL: |  1  2  3  4  5  6  7  8  9 10 |
---------------+-------------------------------+-----
Stealth        | 1 2 3 4 6 7 |  7.0
Maces & Flails | 4 5 6 8 11 12 | 12.0
Fighting       | 3 4 5 6 7 |  7.0
Invocations    | 2 |  2.1
Armour         | 1 |  1.4
Throwing       | |  1.7
Dodging        | |  2.4

Action                     |  1- 3 |  4- 6 |  7- 9 | 10-12 || total
---------------------------+-------+-------+-------+-------++-------
  Melee: Flail             |   104 |   133 |       |       ||   237
         Whip              |    11 |       |       |       ||    11
         Punch             |     1 |     2 |     8 |       ||    11
         Morningstar       |       |    24 |   397 |   126 ||   547
   Fire: Sling             |     9 |    88 |    38 |    12 ||   147
  Throw: Javelin           |       |       |     1 |       ||     1
         Throwing net      |       |       |     1 |       ||     1
 Invoke: Minor Destruction |       |       |       |     3 ||     3
  Evoke: Wand              |       |       |     7 |       ||     7
    Use: Scroll            |       |     5 |     2 |     6 ||    13
         Potion            |       |     1 |     2 |     1 ||     4
   Stab: Sleeping          |     1 |       |    10 |     1 ||    12
         Distracted        |       |       |       |     1 ||     1
 Armour: Leather armour    |    38 |       |       |       ||    38
         Ring mail         |    15 |    83 |   125 |       ||   223
         Scale mail        |       |       |   101 |    74 ||   175
  Dodge: Dodged            |    72 |   122 |   237 |    67 ||   498
